 Dungeon Crawl Stone Soup version 0.29-a0-1023-g6ae1a4a2c7 (webtiles) character file.

Game seed: 177702701945919673

6937 Zeldest the Summoner (level 10, -7/80 HPs)
             Began as a Mummy Summoner on Aug 11, 2022.
             Was a Priest of Fedhas.
             Mangled by a killer bee (8 damage)
             ... on level 8 of the Dungeon on Aug 12, 2022.
             The game lasted 00:52:53 (9104 turns).

Zeldest the Summoner (Mummy Summoner)               Turns: 9104, Time: 00:52:54

Health: -7/80      AC:  5    Str: 12    XL:     10   Next: 80%
Magic:  3/16       EV: 12    Int: 19    God:    Fedhas [***...]
Gold:   431        SH:  0    Dex: 12    Spells: 1/17 levels left

rFire   . . .      SeeInvis .   b - +1 dagger (drain)
rCold   + + .      Faith    .   (no shield)
rNeg    + + +      Spirit   .   B - +0 robe
rPois   ∞          Reflect  .   (no helmet)
rElec   .          Harm     .   l - +0 cloak
rCorr   .          Rampage  .   f - +0 pair of gloves
Will    +....                   u - +0 pair of boots
Stlth   ++........              i - amulet of the acrobat
HPRegen 0.23/turn               m - ring of protection from fire
MPRegen 0.15/turn               q - ring of protection from cold

@: studying 2 skills
A: cold resistance 1, negative energy resistance 3, torment resistance 2, heat
vulnerability 1, in touch with death 1, no potions
a: Renounce Religion, Wall of Briars, Grow Ballistomycete


You were on level 8 of the Dungeon.
You worshipped Fedhas.
Fedhas was most pleased with you.
You visited 2 branches of the dungeon, and saw 10 of its levels.
You also visited: Bailey.

You collected 431 gold pieces.

Inventory:

Hand Weapons
 a - a +3 trident
 b - a +1 dagger of draining (weapon)
 z - a +0 bardiche
Missiles
 k - a throwing net
Armour
 f - a +0 pair of gloves (worn)
 l - a +0 cloak (worn)
 u - a +0 pair of boots (worn)
 B - a +0 robe (worn)
Jewellery
 h - a ring of resist corrosion
 i - an amulet of the acrobat (around neck)
 j - the amulet of Elemental Vulnerability {rPois rF-- rC-- AC+8}
   (You found it on level 3 of the Dungeon)

   [amulet of nothing]

   AC:        It affects your AC (+8).
   rF:        It makes you very vulnerable to fire.
   rC:        It makes you very vulnerable to cold.
   rPois:     It protects you from poison.
 m - a ring of protection from fire (left hand)
 q - a ring of protection from cold (right hand)
Wands
 s - a wand of flame (25)
 w - a wand of quicksilver (3)
Scrolls
 c - 3 scrolls of fog
 e - a scroll of vulnerability
 g - a scroll of teleportation
 o - a scroll of immolation {unknown}
 p - a scroll of amnesia {unknown}
 r - a scroll of poison {unknown}
 t - 2 scrolls of noise
 v - a scroll of magic mapping {unknown}
 x - a scroll of torment {unknown}
 y - a scroll of enchant weapon {unknown}
 A - 3 scrolls of enchant armour


   Skills:
 + Level 8.0 Fighting
 - Level 1.5 Dodging
 - Level 1.5 Stealth
 + Level 4.4 Spellcasting
 - Level 4.1 Hexes
 + Level 8.2 Summonings
 + Level 5.8 Ice Magic
 * Level 7.2 Invocations


You had one spell level left.
You knew the following spells:

 Your Spells              Type           Power      Damage    Failure   Level
a - Call Imp              Summ           35%        N/A       1%          2
b - Summon Small Mammal   Summ           100%       N/A       1%          1
c - Call Canine Familiar  Summ           35%        N/A       1%          3
d - Summon Guardian Gole  Hex/Summ       27%        N/A       3%          3
e - Summon Lightning Spi  Summ/Air       19%        N/A       24%         4
f - Mephitic Cloud        Conj/Pois/Air  4%         N/A       36%         3

Your spell library contained the following spells:

 Spells                   Type           Power      Damage    Failure   Level
 Shock                    Conj/Air       16%        1d4       13%         1
 Ozocubu's Armour         Ice            26%        N/A       3%          3
 Summon Mana Viper        Hex/Summ       27%        N/A       28%         5
 Swiftness                Air            4%         N/A       36%         3
 Hailstorm                Conj/Ice       15%        3d5       36%         4
 Summon Forest            Summ/Tloc      9%         N/A       56%         5
 Summon Cactus Giant      Summ           17%        N/A       56%         6
 Airstrike                Air            2%         2d(1-17)  78%         4
 Simulacrum               Ice/Necr       11%        N/A       99%         6
 Malign Gateway           Summ/Tloc      9%         N/A       100%        7
 Ozocubu's Refrigeration  Ice            13%        4d10      100%        7
 Ice Form                 Ice/Tmut       Unusable   N/A       N/A         4

Dungeon Overview and Level Annotations

Branches:
Dungeon (9/15)             Temple (1/1) D:6          Bailey (visited)
   Lair: D:8-11         Orc: D:9-12

Altars:
Ashenzari
Cheibriados
Dithmenos
Fedhas
Gozag
Hepliaklqana
Kikubaaqudgha
Nemelex Xobeh
Okawaru
Ru
Sif Muna
Trog
Uskayaw
Vehumet
Wu Jian
Xom
Yredelemnul

Shops:
D:4 (


Innate Abilities, Weirdness & Mutations

You are immune to poison.
Your flesh is cold resistant. (rC+)
You are immune to negative energy. (rN+++)
You are immune to unholy pain and torment.
You are vulnerable to heat. (rF-)
You are in touch with the powers of death.
You do not drink.


Message History

The killer bee dies!
Fedhas appreciates your contribution to the ecosystem.
Your orc closely misses the killer bee.
What are your orders? t - Shout!
Orders for allies: a - Attack new target. r - Retreat! s - Stop attacking. g - Guard the area. f - Follow me.
Anything else - Cancel.
Gang up on whom?
Press: ? - help, Dir - move target, f - killer bee
Aim: a killer bee (moderately wounded, ally target) Attack!
The killer bee stings your centaur but does no damage.
Your centaur shoots an arrow.
The arrow closely misses the killer bee.
The killer bee stings you.
* * * LOW HITPOINT WARNING * * *
The killer bee stings your centaur!
You hit the killer bee but do no damage.
The killer bee is moderately wounded.
The killer bee stings you!
* * * LOW HITPOINT WARNING * * *
The killer bee stings your centaur.
Your centaur shoots an arrow.
The arrow hits the killer bee!
The killer bee misses you. The killer bee stings your centaur.
Your orc closely misses the killer bee.
You hear an angry buzzing noise.
Blink to where?
Press: ? - help, Dir - move target, p - killer bee
As you read the scroll of blinking, it crumbles to dust.
You hear an angry buzzing noise. x2
You close the door.
The killer bee stings you but does no damage.
You hear an angry buzzing noise.
There is a stone staircase leading up here.
The killer bee stings you.
* * * LOW HITPOINT WARNING * * *
The killer bee stings you!
You die...
Fedhas appreciates your contribution to the ecosystem.

## #..# ######## #~.. #...##...#
#~~. ##..........##
#8~.#####............####
#~~..<................... #####
#~......)................ ....#
#......<)y........[...... #[..#
####....@y###'###....<...
#...#######...#..##.....###......
#................##y≈.≈.###......
#...######.##.##..+y._..'.#......
#...#####..##.#####.≈.≈.#.c......
>.##......###.# .y...#........
>###..).......# ##'###........
...#.)∩).#####... #.##cy.######
##....)..# . #?§†o...#


You could see 2 killer bees.

Vanquished Creatures
  An orc warrior (Bailey)
  A black bear (D:4)
  2 ice beasts
  A sky beast (D:6)
  7 centaurs (Bailey)
  A scorpion (D:4)
  2 killer bees (D:8)
  A howler monkey (D:6)
  A jelly (D:7)
  2 hounds
  6 adders
  A white imp (D:7)
  2 dart slugs
  8 orcs
  3 endoplasms
  3 giant cockroaches
  3 goblins (D:2)
  2 hobgoblins
  3 jackals (D:2)
  4 quokkas
  4 ball pythons
  4 bats
  3 frilled lizards
  2 kobolds
  A rat (D:3)
68 creatures vanquished.

Vanquished Creatures (collateral kills)
  A yak (D:7)
  2 orc warriors (Bailey)
  A sky beast (D:6)
  2 centaurs (Bailey)
  2 phantoms
  A bullfrog (D:7)
  A necrophage (D:6)
  A wight (D:7)
  7 killer bees
  A howler monkey (D:7)
  A jelly (D:3)
  An orc priest (D:7)
  Jessica (D:2)
  Terence (D:2)
  An iguana (D:5)
  2 orc wizards (D:7)
  2 adders
  5 shadow imps
  A white imp (D:6)
  An ufetubus (D:6)
  3 worms
  A dart slug (D:5)
  23 orcs
  2 endoplasms
  A giant cockroach (D:1)
  A goblin (D:2)
  3 jackals
  4 ball pythons
  A bat (D:2)
  2 frilled lizards
  4 kobolds
  A rat (D:2)
81 creatures vanquished.

Vanquished Creatures (others)
  A centaur warrior (D:8)
  A wraith (D:6)
  11 yaks
  2 steam dragons
  A black bear (D:5)
  9 orc warriors
  2 ogres (D:5)
  A centaur (Bailey)
  2 wights (D:8)
  5 killer bees (D:7)
  An iguana (D:5)
  An orc wizard (D:7)
  A gnoll (D:8)
  3 orcs
41 creatures vanquished.

Grand Total: 190 creatures vanquished

Notes
Turn   | Place    | Note
-------+----------+-------------------------------------------
     0 | D:1      | Zeldest the Mummy Summoner began the quest for the Orb.
     0 | D:1      | Reached XP level 1. HP: 13/13 MP: 4/4
   272 | D:1      | Reached skill level 1 in Fighting
   322 | D:1      | Reached XP level 2. HP: 12/21 MP: 2/5
   463 | D:1      | Learned a level 2 spell: Call Imp
   540 | D:2      | Gained mutation: You are in touch with the powers of death.
                  | [Mummy growth]
   540 | D:2      | Reached XP level 3. HP: 26/26 MP: 2/7
   544 | D:2      | Learned a level 3 spell: Call Canine Familiar
   657 | D:2      | Noticed Terence
   679 | D:2      | Killed Terence
   680 | D:2      | Reached XP level 4. HP: 13/33 MP: 1/9
   754 | D:2      | Noticed Jessica
   769 | D:2      | Killed Jessica
   782 | D:2      | Found a faded altar of an unknown god.
  1000 | D:3      | Found the amulet of Elemental Vulnerability {rPois rF--
                  | rC-- AC+8}
  1224 | D:3      | Reached XP level 5. HP: 35/39 MP: 10/10
  1390 | D:4      | Learned a level 3 spell: Summon Guardian Golem
  1393 | D:4      | Noticed a black bear
  1441 | D:4      | Reached skill level 1 in Hexes
  1700 | D:3      | Reached skill level 1 in Ice Magic
  1761 | D:4      | Got the Book of Breezy Mustering
  1788 | D:4      | Found a shimmering blue altar of Sif Muna.
  1788 | D:4      | Found a shimmering altar of Xom.
  1789 | D:4      | Found a broken altar of Ashenzari.
  1868 | D:4      | Killed a black bear
  1869 | D:4      | Reached XP level 6. HP: 47/47 MP: 7/12
  2019 | D:4      | Found Otzillekk's Weapon Shoppe.
  2259 | D:5      | Entered Level 5 of the Dungeon
  2373 | D:5      | Found a hide-covered altar of Uskayaw.
  2407 | D:5      | Reached XP level 7. HP: 53/53 MP: 1/13
  2729 | D:5      | Reached skill level 5 in Summonings
  2971 | D:6      | Found a staircase to the Ecumenical Temple.
  2987 | Temple   | Entered the Ecumenical Temple
  3054 | Temple   | Became a worshipper of Fedhas Madash
  3255 | D:6      | Noticed a wraith
  3274 | D:6      | Killed a wraith
  3275 | D:6      | Reached skill level 1 in Invocations
  3275 | D:6      | Reached XP level 8. HP: 61/61 MP: 5/14
  4048 | D:7      | Identified the +3 robe "Zekemmiciu" {*Slow rElec rC- Dex+7}
  4171 | D:7      | Reached skill level 5 in Fighting
  4273 | D:7      | Reached * piety under Fedhas
  4461 | D:7      | Reached XP level 9. HP: 24/68 MP: 3/15
  4572 | D:8      | Found a flagged portal.
  4751 | Bailey   | Entered a bailey
  4758 | Bailey   | Learned a level 4 spell: Summon Lightning Spire
  5113 | Bailey   | Reached ** piety under Fedhas
  5547 | Bailey   | Reached skill level 5 in Invocations
  5934 | Bailey   | Learned a level 3 spell: Mephitic Cloud
  5941 | Bailey   | Reached skill level 5 in Ice Magic
  6147 | Bailey   | Reached XP level 10. HP: 76/76 MP: 12/16
  6480 | D:8      | Noticed a centaur warrior
  6831 | D:8      | Reached *** piety under Fedhas
  9020 | D:8      | Killed a centaur warrior
  9091 | D:8      | Found a basalt altar of Yredelemnul.
  9097 | D:8      | HP: 3/80 [killer bee (7)]
  9104 | D:8      | HP: 1/80 [killer bee (4)]
  9104 | D:8      | Mangled by a killer bee

Illustrated notes

Levels and vault maps discovered:
D:1:      saegor_arrival_fortress, layout_basic,
          amcnicky_mini_rare_corridor_liquid
D:2:      layout_basic, shapermc_ecumenical_altar_starsandcircs, st_stairs_7,
          minmay_3d_cube, uniq_jessica, uniq_terence
D:3:      layout_loops_corners
D:4:      layout_loops_cross, makhleb_blood_cavern_becter,
          gammafunk_temple_overflow_forgotten, serial_shops,
          nicolae_shop_behind_doors, kennysheep_flooded_box,
          minmay_fractal_squares_5
D:5:      layout_basic, nicolae_uskayaw_suspiria
D:6:      layout_loops_corners, minmay_temple_entry_antechambers
D:7:      layout_basic, minmay_between
D:8:      layout_rooms, kennysheep_little_box, enter_bailey_2, moated_statue,
          kennysheep_generic_room_16
D:9:      layout_basic, mainiacjoe_overflow_24_doors, minivault_5
Temple:   regret_index_temple_waves

Skill      XL: |  1  2  3  4  5  6  7  8  9 10 |
---------------+-------------------------------+-----
Fighting       | 1 2 3 4 5 6 8 |  8.0
Spellcasting   | 3 4 |  4.4
Summonings     | 4 5 6 7 8 |  8.2
Hexes          | 1 2 3 4 |  4.1
Ice Magic      | 1 2 3 4 5 |  5.8
Invocations    | 1 3 5 7 |  7.2
Dodging        | |  1.5
Stealth        | |  1.5

Action                   |  1- 3 |  4- 6 |  7- 9 | 10-12 || total
-------------------------+-------+-------+-------+-------++-------
Melee: Unarmed           |    21 |       |       |       ||    21
       Dagger            |     9 |    81 |   116 |    61 ||   267
       Whip              |    30 |    10 |       |       ||    40
       Punch             |       |     2 |     5 |     2 ||     9
 Cast: Summon Small Mamm |    20 |     6 |     6 |       ||    32
       Call Imp          |     7 |    10 |    19 |     5 ||    41
       Call Canine Famil |     1 |    13 |    32 |    12 ||    58
       Summon Guardian G |       |     4 |    30 |    20 ||    54
       Summon Lightning  |       |       |     6 |     5 ||    11
       Mephitic Cloud    |       |       |     4 |     6 ||    10
Invok: Wall of Briars    |       |       |     1 |       ||     1
Evoke: Wand              |       |     4 |    15 |     1 ||    20
  Use: Scroll            |       |     5 |     1 |     4 ||    10
 Stab: Sleeping          |     1 |     1 |     1 |       ||     3
       Distracted        |       |     1 |       |     1 ||     2
       Confused          |       |       |       |     1 ||     1
Armor: Robe              |    14 |    19 |    39 |    29 ||   101
Dodge: Dodged            |    39 |    52 |   188 |    92 ||   371

Table legend: (Time is in decaauts)
 A = Elapsed time spent in this place.
 B = Non-inter-level travel time spent in this place.
 C = Inter-level travel time spent in this place.
 D = Time resting spent in this place.
 E = Time spent auto-exploring this place.
 F = Levels seen in this place.
 G = Mean time per level.
                   A        B        C        D        E       F      G
               +--------+--------+--------+--------+--------+-----+--------+
         Total |   9130 |   8575 |    555 |   2414 |    320 |  11 |  830.0 |
       Dungeon |   7477 |   6967 |    510 |   1782 |    320 |   9 |  830.8 |
        Temple |    118 |     73 |     45 |      0 |      0 |   1 |  118.0 |
        Bailey |   1534 |   1534 |      0 |    632 |      0 |   1 | 1534.0 |
               +--------+--------+--------+--------+--------+-----+--------+

Top non-repeatable levels by time:
     D:7: 2625 daAuts
  Bailey: 1534 daAuts
     D:8: 1007 daAuts
     D:3: 796 daAuts
     D:6: 760 daAuts
     D:5: 602 daAuts
     D:4: 582 daAuts
     D:1: 488 daAuts
     D:2: 395 daAuts
     D:9: 218 daAuts
  Temple: 118 daAuts
